 Dungeon Crawl Stone Soup version 0.31-a0-845-g9abc20d24f (webtiles) character file.

Game seed: 7256997967104893828

15533 Nattfarinn the Fighter (level 12, -2/90 HPs)
             Began as a Djinni Venom Mage on Oct 2, 2023.
             Was a High Priest of Okawaru.
             Slain by a black mamba (5 damage)
             ... while petrified by a basilisk
             ... on level 2 of the Lair of Beasts.
             The game lasted 00:38:47 (15218 turns).

Nattfarinn the Fighter (Djinni Venom Mage)         Turns: 15218, Time: 00:38:48

Health: -2/90      AC:  7    Str: 20    XL:     12   Next: 58%
Gold:   803        EV:  2    Int: 19    God:    Okawaru [*****.] SH:  0 Dex: 15

rFire   + + .        l - +2 orcbow
rCold   x . .        (shield currently unavailable)
rNeg    + + +        u - +0 troll leather armour
rPois   ∞            i - +0 helmet
rElec   .            (no cloak)
rCorr   .            t - +2 pair of gloves
SInv    .            (boots unavailable)
Will    +....        e - amulet "Gygong" {Acrobat rPois Str+5 Stlth-}
Stlth   +            b - +4 ring of slaying
HPRegen 1.15/turn    k - +6 ring of strength
MPRegen 0.00/turn

%: acrobat, infuse magic (-3 HP)
@: petrified, flying, very slightly contaminated
A: sickness immunity, fire resistance 2, cold vulnerability 1, float, innate
caster, HP casting, extra vitality 1, frail 1
a: Renounce Religion, Heroism, Finesse, Duel


You were on level 2 of the Lair of Beasts.
You worshipped Okawaru.
Okawaru was extremely pleased with you.
You visited 3 branches of the dungeon, and saw 14 of its levels.

You collected 803 gold pieces.

Inventory:

Hand Weapons
 l - a +2 orcbow (weapon)
 n - the +6 short sword "Gamoaczayt" {flame, *Noise rC+ Str+7}
   (You found it on level 8 of the Dungeon)

   Str+7:     It affects your strength (+7).
   rC+:       It protects you from cold.
   *Noise:    It may make a loud noise when swung.
 p - a +0 rapier
 s - a +0 orcbow
 D - the +8 trident of the Octopus King {venom, rElec rPois}
   (You found it on level 1 of the Lair of Beasts)

   rElec:     It insulates you from electricity.
   rPois:     It protects you from poison
Armour
 a - a +0 robe
 g - a +0 helmet
 i - a +0 helmet (worn)
 t - a +2 pair of gloves (worn)
 u - a +0 troll leather armour (worn)
Jewellery
 b - a +4 ring of slaying (left hand)
 e - the amulet "Gygong" (around neck) {Acrobat rPois Str+5 Stlth-}
   (You found it on level 7 of the Dungeon)

   [amulet of the acrobat]

   Acrobat:   It increases your evasion while moving and waiting.
   Str+5:     It affects your strength (+5).
   rPois:     It protects you from poison Stlth-: It makes you less stealthy.
 k - a +6 ring of strength (right hand)
 A - a ring of resist corrosion
 C - a ring of protection from fire
 F - a ring of ice
Wands
 f - a wand of polymorph (5)
 v - a wand of acid (3)
 y - a wand of flame (4)
Scrolls
 c - 4 scrolls of fog
 d - 4 scrolls of teleportation
 h - 2 scrolls of vulnerability
 m - 2 scrolls of torment
 q - a scroll of summoning
 w - 2 scrolls of poison
Potions
 o - a potion of heal wounds {unknown}
 r - a potion of lignification
 z - a potion of resistance {unknown}


   Skills:
 - Level 14.2 Fighting
 * Level 9.6 Ranged Weapons
 - Level 2.1 Dodging
 - Level 1.5 Stealth
 - Level 6.9 Spellcasting
 - Level 6.9 Conjurations
 - Level 6.9 Hexes
 - Level 6.9 Summonings
 - Level 6.9 Necromancy
 - Level 6.9 Translocations
 - Level 6.9 Transmutations
 - Level 6.9 Fire Magic
 - Level 6.9 Ice Magic
 - Level 6.9 Air Magic
 - Level 6.9 Earth Magic
 - Level 6.9 Poison Magic
 + Level 3.8 Invocations


You knew the following spells:

 Your Spells              Type           Power      Damage    Failure   Level
a - Sting                 Tmut/Pois      100%       1d8       1%          1
b - Poisonous Vapours     Pois/Air       66%        N/A       1%          2
c - Mephitic Cloud        Conj/Pois/Air  33%        N/A       1%          3
d - Olgreb's Toxic Radia  Pois           33%        N/A       7%          4
e - Magic Dart            Conj           100%       1d8       1%          1
f - Lesser Beckoning      Tloc           66%        N/A       1%          2
g - Teleport Other        Tloc           33%        N/A       1%          3
h - Anguish               Hex/Necr       16%        N/A       7%          4
i - Vhi's Electric Charg  Tloc/Air       66%        N/A       7%          4
Your spell library was empty.

Dungeon Overview and Level Annotations

Branches:
Dungeon (11/15)            Temple (1/1) D:6            Lair (2/5) D:9
  Swamp: Lair:2-3    Shoals: Lair:2-3     Snake: Lair:2-3    Spider: Lair:2-3
    Orc: D:9-12

Altars:
Ashenzari
Cheibriados
Dithmenos
Elyvilon
Fedhas
Gozag
Hepliaklqana
Makhleb
Nemelex Xobeh
Okawaru
Qazlal
Ru
Trog
Uskayaw
Wu Jian
Xom
Yredelemnul
Zin
The Shining One

Shops:
D:1 :   D:7 !

Portals:
Abyss: D:11

Annotations:
D:11 2 transporters, exclusion: orange crystal statue, IcyTea's ghost, journeyman DrWr
Lair:1 3 runed translucent doors, Hisole's ghost, novice GrEE


Innate Abilities, Weirdness & Mutations

You are immune to sickness and miasma.
You are immune to poison.
Your flesh is very heat resistant. (rF++)
You are vulnerable to cold. (rC-)
You float through the air rather than walking.
You learn spells naturally, not from books.
Your magical power is your life essence.
You have superior vitality. (+4 MHP)
You are frail. (-10% HP)


Message History

You are very lightly contaminated with residual magic.
Nothing appears to happen.
The cane toad croaks.
The wolf is poisoned.
The basilisk looks even sicker.
Your toxic aura wanes.
A black mamba comes into view.
The basilisk gazes at you.
You easily resist.
The burning bush throws fire at you. The puff of flame hits you. You resist.
Your limbs are stiffening.
Unknown command.
Casting: Olgreb's Toxic Radiance (dangerous; 7% risk of failure)
Confirm with . or Enter, or press ? or * to list all spells.
You begin to radiate toxic energy.
The wolf looks even sicker.
The cane toad stings you! The burning bush throws fire at you.
The puff of flame hits you. You resist.
You have turned to stone.
The wolf looks even sicker.
The bullfrog looks even sicker.
The cane toad stings you! The wolf bites you but does no damage.
The bullfrog hits you but does no damage.
The cane toad stings you!!
The bullfrog looks even sicker.
Your toxic aura wanes.
You kill the bullfrog!
Okawaru accepts your kill. The wolf bites you! The black mamba bites you!
The wolf bites you but does no damage. The cane toad stings you!
The black mamba completely misses you. The wolf bites you but does no damage.
The black mamba bites you! The cane toad stings you!! x2
* * * LOW HITPOINT WARNING * * *
The wolf bites you.
* * * LOW HITPOINT WARNING * * *
The black mamba bites you.
* * * LOW HITPOINT WARNING * * *
The wolf bites you. The cane toad stings you!
* * * LOW HITPOINT WARNING * * *
The cane toad stings you!!
* * * LOW HITPOINT WARNING * * *
The black mamba bites you!
You die...

##....P........
#.P.P..........
.#.............
...P.....>...P.
......<........
..P.....8l....P
.......hF.<....
...P..F@.......
......S........
..P.P.......P.P
..........P...P
....P...P...P##
...>........#.#
#..........## #
.[.......P.#


You could see a burning bush, a black mamba, 2 cane toads, a basilisk (very
poisoned) and a wolf (very poisoned).

Vanquished Creatures
  Fannar (Lair:1)
  A two-headed ogre (D:11)
  An ice statue (Lair:1)
  2 cane toads (Lair:1)
  2 rime drakes (Lair:1)
  Psyche (D:11)
  An ice devil (Lair:1)
  A polar bear (Lair:1)
  2 trolls
  A hornet (D:7)
  3 blink frogs (Lair:1)
  2 shadows
  2 wraiths (D:11)
  18 yaks
  2 wyverns
  2 vampire mosquitoes
  Menkaure (D:7)
  A steam dragon (D:8)
  2 water moccasins
  5 orc warriors
  2 black bears
  An ice beast (D:5)
  A sky beast (D:7)
  2 wolves (Lair:1)
  5 centaurs
  A phantom (D:3)
  2 kobold brigands
  Blork the orc (D:6)
  5 bullfrogs
  A scorpion (D:5)
  A gnoll sergeant (D:6)
  4 killer bees (D:9)
  An elephant simulacrum (Lair:1)
  3 howler monkeys
  2 lava snakes (D:11)
  2 jellies
  2 hounds
  2 orc priests
  A gnoll bouda (D:6)
  3 iguanas
  12 orc wizards
  A spriggan simulacrum (Lair:1)
  11 gnolls
  13 adders
  A shadow imp (D:7)
  4 worms
  2 dart slugs
  25 orcs
  3 bats
  8 endoplasms
  5 giant cockroaches
  10 goblins
  6 hobgoblins
  2 quokkas
  9 ball pythons
  2 frilled lizards
  14 kobolds
  3 rats
224 creatures vanquished.

Vanquished Creatures (others)
  A death yak (Lair:1)
  A gargoyle (D:10)
  A komodo dragon (Lair:1)
  A polar bear (Lair:1)
  A troll (D:11)
  A shadow (D:9)
  A wraith (D:9)
  A vampire mosquito (D:10)
  A water moccasin (D:8)
  A black bear (D:7)
  A gnoll sergeant (D:9)
  A gnoll (D:9)
12 creatures vanquished.

Grand Total: 236 creatures vanquished

Notes
Turn   | Place    | Note
-------+----------+-------------------------------------------
     0 | D:1      | Nattfarinn the Djinni Venom Mage began the quest for the
                  | Orb.
     0 | D:1      | Nattfarinn set off with the following spells memorised:
                  | Sting, Poisonous Vapours, Mephitic Cloud, Olgreb's Toxic
                  | Radiance.
     0 | D:1      | Reached XP level 1. HP: 15/15 MP: 0/0
    89 | D:1      | Reached XP level 2. HP: 16/21 MP: 0/0
   154 | D:1      | Found Paism's Book Shoppe.
   292 | D:1      | Reached XP level 3. HP: 12/25 MP: 0/0
   292 | D:1      | Learned a level 1 spell: Magic Dart
   368 | D:1      | Found a faded altar of an unknown god.
   777 | D:2      | Reached XP level 4. HP: 19/31 MP: 0/0
  1967 | D:3      | Noticed a phantom
  2019 | D:3      | Reached XP level 5. HP: 26/35 MP: 0/0
  2019 | D:3      | Learned a level 2 spell: Lesser Beckoning
  2290 | D:3      | Killed a phantom
  2291 | D:3      | Reached skill level 5 in Spellcasting
  2291 | D:3      | Reached skill level 5 in Conjurations
  2291 | D:3      | Reached skill level 5 in Hexes
  2291 | D:3      | Reached skill level 5 in Summonings
  2291 | D:3      | Reached skill level 5 in Necromancy
  2291 | D:3      | Reached skill level 5 in Translocations
  2291 | D:3      | Reached skill level 5 in Transmutations
  2291 | D:3      | Reached skill level 5 in Fire Magic
  2291 | D:3      | Reached skill level 5 in Ice Magic
  2291 | D:3      | Reached skill level 5 in Air Magic
  2291 | D:3      | Reached skill level 5 in Earth Magic
  2291 | D:3      | Reached skill level 5 in Poison Magic
  2291 | D:3      | Reached XP level 6. HP: 22/40 MP: 0/0
  3111 | D:4      | Found a faded altar of an unknown god.
  3114 | D:4      | Found a hazy altar of Hepliaklqana.
  3114 | D:4      | Found a faded altar of an unknown god.
  3202 | D:4      | Identified the +0 hat "Xack" {Fly rC++ Will-}
  3511 | D:5      | Entered Level 5 of the Dungeon
  3517 | D:5      | Reached XP level 7. HP: 15/45 MP: 0/0
  3517 | D:5      | Learned a level 3 spell: Teleport Other
  4532 | D:5      | Found an iron altar of Okawaru.
  4613 | D:5      | Reached XP level 8. HP: 46/50 MP: 0/0
  4748 | D:6      | Reached skill level 1 in Fighting
  4992 | D:6      | Found a staircase to the Ecumenical Temple.
  5022 | D:6      | Reached skill level 2 in Fighting
  5055 | D:6      | Reached skill level 3 in Fighting
  5316 | D:6      | Reached skill level 4 in Fighting
  5464 | D:6      | Noticed Blork the orc
  5476 | D:6      | Killed Blork the orc
  5719 | Temple   | Entered the Ecumenical Temple
  5743 | Temple   | altar
  5818 | D:5      | Became a worshipper of Warmaster Okawaru
  5888 | D:6      | Reached skill level 5 in Fighting
  5963 | D:7      | Gained mutation: You are dopey. (Int -2) [potion of
                  | mutation]
  5963 | D:7      | Gained mutation: You are frail. (-10% HP) [potion of
                  | mutation]
  5963 | D:7      | Lost mutation: You are dopey. (Int -2) [potion of mutation]
  5964 | D:7      | Reached skill level 13 in Fighting
  5964 | D:7      | Reached XP level 9. HP: 34/72 MP: 0/0
  5964 | D:7      | Learned a level 4 spell: Anguish
  6219 | D:7      | Noticed Menkaure
  6229 | D:7      | Killed Menkaure
  6505 | D:7      | Reached XP level 10. HP: 36/77 MP: 0/0
  6675 | D:7      | Identified the amulet "Gygong" {Acrobat rPois Str+5 Stlth-}
  6805 | D:7      | HP: 1/77 [hornet (7)]
  7309 | D:7      | Found Ozaja's Distillery.
  7583 | D:8      | Reached * piety under Okawaru
  7584 | D:8      | Reached skill level 14 in Fighting
  7781 | D:8      | Reached skill level 1 in Ranged Weapons
  7972 | D:8      | Reached ** piety under Okawaru
  8065 | D:8      | Identified the +6 short sword "Gamoaczayt" {flame, *Noise
                  | rC+ Str+7}
  9106 | D:9      | Found a staircase to the Lair.
  9682 | D:9      | Reached XP level 11. HP: 72/84 MP: 0/0
  9682 | D:9      | Learned a level 4 spell: Vhi's Electric Charge
 10062 | D:9      | Reached *** piety under Okawaru
 10263 | D:10     | Entered Level 10 of the Dungeon
 10393 | D:10     | Reached skill level 5 in Ranged Weapons
 11291 | D:10     | Found a glowing golden altar of the Shining One.
 11325 | D:11     | Noticed Psyche
 11669 | D:11     | Noticed a two-headed ogre
 11680 | D:11     | Killed a two-headed ogre
 11680 | D:11     | Reached **** piety under Okawaru
 12055 | D:11     | Found a transporter.
 12087 | D:11     | Noticed an orange crystal statue
 12323 | D:11     | Found a transporter.
 12346 | D:11     | Killed Psyche
 12366 | D:11     | Noticed a skeletal warrior
 12607 | D:11     | Noticed a swamp dragon
 12617 | D:11     | Found a one-way gate to the infinite horrors of the Abyss.
 12625 | D:11     | Noticed a toenail golem
 12728 | D:11     | Noticed IcyTea's ghost (journeyman DrWr)
 12912 | Lair:1   | Entered Level 1 of the Lair of Beasts
 12996 | Lair:1   | Reached ***** piety under Okawaru
 13057 | Lair:1   | Reached XP level 12. HP: 72/90 MP: 0/0
 13076 | Lair:1   | Found the +8 trident of the Octopus King {venom, rElec
                  | rPois}
 13177 | Lair:1   | Noticed an eight-headed hydra
 13177 | Lair:1   | Noticed a death yak
 13178 | Lair:1   | Noticed Hisole's ghost (novice GrEE)
 13179 | Lair:1   | Found a runed translucent gate.
 13195 | Lair:1   | Noticed Fannar
 13208 | Lair:1   | Killed Fannar
 13209 | Lair:1   | Reached skill level 1 in Invocations
 13451 | Lair:1   | HP: 3/90 [komodo dragon (23)]
 13588 | Lair:1   | Found a runed translucent gate.
 13588 | Lair:1   | Found a runed translucent gate.
 13611 | Lair:1   | Noticed a death yak
 13656 | Lair:1   | Killed a death yak
 13656 | Lair:1   | Received a gift from Okawaru
 15218 | Lair:2   | HP: 3/90 [cane toad (10)]
 15218 | Lair:2   | Slain by a black mamba

Illustrated notes

#...............#
##..._....._...##
##....._.....## ##.........##
##.._._..## ##.....## ##._.##
########...########
########.......@<........#######
#........_...._..._...._........
#...._..........#.........._....
##....._..._...###..._..._.....#
#.._........### ###...........#
##.........## ##.........##
##......### ###......## ##....##
##....## ###.## ##.###


Turn 5743 on Temple: altar

Levels and vault maps discovered:
D:1:      ldierk_walled_garden_2, layout_rooms, serial_shops,
          nicolae_shop_hallway_plus, shapermc_ecumenical_altar_mp_ritualfount
D:2:      layout_basic, minmay_misc_feat_iff, nicolae_figureground_pulse
D:3:      layout_basic, chequers_serial_rivers_micro_d
D:4:      layout_loops_ring, nicolae_hepliaklqana_ecumenical_no_more
D:5:      layout_gridville, okawaru_metal_pillars_1_2
D:6:      layout_loops_ring, minmay_temple_entry_mist, uniq_blork_the_orc
D:7:      layout_basic, serial_shops, nicolae_take_the_stairs, uniq_menkaure
D:8:      layout_loops_ring
D:9:      layout_basic, lemuel_crystal_altar, lair_entry_dummy
D:10:     layout_loops_ring, tso_oasis_becter
D:11:     layout_cave_pods, gammafunk_ghost_abyssal_escape, disabler_island,
          uniq_psyche
Temple:   dpeg_three_leaves_temple
Lair:1:   dreamdust_isle_of_ice, layout_loops_ring, gammafunk_ghost_split,
          uniq_fannar
Lair:2:   nzn_winding_woodlands_cross [nzn_winding_woodlands_5x15_pool,
          nzn_winding_woodlands_5x15_twine, nzn_winding_woodlands_5x15_jagged,
          nzn_winding_woodlands_5x15_parted,
          nzn_winding_woodlands_15x15_killbox], layout_layer_cave,
          minmay_swamp_entry_wisps, evilmike_ambush
          [evilmike_ambush_outer_basic, evilmike_ambush_inner_pond],
          lemuel_fruit_fields

Skill      XL: |  1  2  3  4  5  6  7  8  9 10 11 12 |
---------------+-------------------------------------+-----
Spellcasting   | 4 5 6 |  6.9
Conjurations   | 4 5 6 |  6.9
Hexes          | 4 5 6 |  6.9
Summonings     | 4 5 6 |  6.9
Necromancy     | 4 5 6 |  6.9
Translocations | 4 5 6 |  6.9
Transmutations | 4 5 6 |  6.9
Fire Magic     | 4 5 6 |  6.9
Ice Magic      | 4 5 6 |  6.9
Air Magic      | 4 5 6 |  6.9
Earth Magic    | 4 5 6 |  6.9
Poison Magic   | 4 5 6 |  6.9
Fighting       | 13 14 | 14.2
Ranged Weapons | 3 8 9 |  9.6
Invocations    | 3 |  3.8
Dodging        | |  2.1
Stealth        | |  1.5

Action                     |  1- 3 |  4- 6 |  7- 9 | 10-12 || total
---------------------------+-------+-------+-------+-------++-------
  Melee: Unarmed           |       |     6 |       |       ||     6
         Rapier            |       |    47 |    43 |    19 ||   109
         Punch             |       |     1 |       |       ||     1
         Short sword       |       |       |       |    17 ||    17
         Orcbow            |       |       |       |     1 ||     1
   Fire: Orcbow            |       |       |       |   304 ||   304
   Cast: Sting             |    56 |    67 |    57 |    11 ||   191
         Magic Dart        |       |     2 |     1 |     2 ||     5
         Olgreb's Toxic Ra |       |     4 |    18 |    44 ||    66
         Mephitic Cloud    |       |     2 |     7 |    12 ||    21
         Poisonous Vapours |       |       |    10 |    18 ||    28
         Teleport Other    |       |       |     1 |       ||     1
         Anguish           |       |       |       |    53 ||    53
  Evoke: Wand              |       |       |     5 |     8 ||    13
    Use: Potion            |       |     2 |     6 |     3 ||    11
         Scroll            |       |       |     4 |    15 ||    19
   Stab: Sleeping          |       |     4 |     1 |       ||     5
         Invisible         |       |       |     1 |       ||     1
 Armour: Robe              |    10 |    41 |    73 |    95 ||   219
         Troll leather arm |       |       |       |   138 ||   138
  Dodge: Dodged            |     9 |    52 |    50 |   153 ||   264

Table legend: (Time is in decaauts)
 A = Elapsed time spent in this place.
 B = Non-inter-level travel time spent in this place.
 C = Inter-level travel time spent in this place.
 D = Time resting spent in this place.
 E = Time spent auto-exploring this place.
 F = Levels seen in this place.
 G = Mean time per level.
                   A        B        C        D        E       F      G
               +--------+--------+--------+--------+--------+-----+--------+
         Total |  15339 |  14410 |    929 |   2900 |   9614 |  14 | 1095.6 |
       Dungeon |  13015 |  12244 |    771 |   1911 |   8851 |  11 | 1183.2 |
        Temple |     25 |      0 |     25 |      0 |      0 |   1 |   25.0 |
          Lair |   2298 |   2166 |    132 |    989 |    763 |   2 | 1149.0 |
               +--------+--------+--------+--------+--------+-----+--------+

Top non-repeatable levels by time:
  Lair:1: 2290 daAuts
     D:9: 1736 daAuts
    D:10: 1419 daAuts
     D:7: 1341 daAuts
     D:4: 1279 daAuts
     D:2: 1258 daAuts
    D:11: 1256 daAuts
     D:6: 1125 daAuts
     D:8: 1067 daAuts
     D:5: 1029 daAuts
     D:3: 771 daAuts
     D:1: 731 daAuts
  Temple: 25 daAuts
  Lair:2: 7 daAuts
